 Dungeon Crawl Stone Soup version 0.30-a0-924-g0ad0bf95bc (webtiles) character file.

Game seed: 2223581676297375825

41 cforsyth the Cudgeller (level 3, -3/29 HPs)
             Began as a Human Fighter on Mar 22, 2023.
             Slain by a quokka (4 damage)
             ... on level 2 of the Dungeon.
             The game lasted 00:00:50 (1140 turns).

cforsyth the Cudgeller (Human Fighter)              Turns: 1140, Time: 00:00:51

Health: -3/29      AC:  6    Str: 18    XL:     3   Next: 75%
Magic:  3/3        EV:  9    Int:  8    God:
Gold:   13         SH:  4    Dex: 12    Spells: 2/2 levels left

rFire   . . .      SeeInvis .    a - +0 flail
rCold   . . .      Faith    .    c - +0 buckler
rNeg    . . .      Spirit   .    b - +0 scale mail
rPois   .          Reflect  .    (no helmet)
rElec   .          Rampage  .    (no cloak)
rCorr   .                        (no gloves)
Will    .....                    (no boots) Stlth
                                 (no amulet)
HPRegen 0.24/turn                (no ring)
MPRegen 0.08/turn                (no ring)

@: lethally poisoned (-3 -> -5)
A: no striking features
a: no special abilities


You were on level 2 of the Dungeon.
You visited 1 branch of the dungeon, and saw 2 of its levels.

You collected 13 gold pieces.

Inventory:

Hand Weapons
 a - a +0 flail (weapon)
Armour
 b - a +0 scale mail (worn)
 c - a +0 buckler (worn)
Scrolls
 h - a scroll of vulnerability {unknown}
 i - a scroll of fog {unknown}
 j - a scroll of magic mapping {unknown}
 l - a scroll of teleportation {unknown}
Potions
 d - a potion of might
 e - a potion of resistance {unknown}
 f - a potion of magic {unknown}
 g - a potion of mutation {unknown}
 k - a potion of curing {unknown}


   Skills:
 - Level 3.1 Fighting
 + Level 3.3 Maces & Flails
 - Level 3.1 Armour
 - Level 3.1 Shields


You had 2 spell levels left.
You didn't know any spells.
Your spell library was empty.

Dungeon Overview and Level Annotations

Branches:
Dungeon (2/15)

Altars:


Message History

You are too injured to fight recklessly!
You are too injured to fight recklessly!
You are too injured to fight recklessly!
You are too injured to fight recklessly!
You are too injured to fight recklessly!
You are too injured to fight recklessly!
You are too injured to fight recklessly!
You miss the adder.
The adder is heavily wounded.
You feel sick. The adder barely misses you. The goblin closely misses you.
The quokka barely misses you. The adder bites you.
The goblin hits you but does no damage. The quokka closely misses you.
You hit the adder but do no damage.
The adder is moderately wounded.
You feel sick. The adder bites you.
* * * LOW HITPOINT WARNING * * *
The quokka closely misses you. You block the goblin's attack.
The adder bites you but does no damage.
You miss the adder.
The adder is moderately wounded.
You feel sick. The quokka barely misses you.
The goblin hits you with a +0 dagger.
* * * LOW HITPOINT WARNING * * *
The adder barely misses you.
The quokka bites you but does no damage.
You closely miss the adder.
The adder is moderately wounded.
You feel sick.
You are no longer poisoned.
The adder bites you.
* * * LOW HITPOINT WARNING * * *
You are lethally poisoned!
The adder poisons you! You block the goblin's attack.
You block the quokka's attack. The adder closely misses you.
The goblin hits you but does no damage.
You closely miss the adder.
The adder is moderately wounded.
* * * LOW HITPOINT WARNING * * *
You feel sick. The quokka bites you.
You die...

#. #.#.## #. #.....## ..
##......## .. .........#
#. #.........
#####.##....$...#
.......#r......##.##
#.S@g..........#
#..#..#######..# #.
##.##..#..#######..####.
#.......†............ ..
...###.#..#######..# #.
.#..###.#..#######.#####.
...............†.)....##.
.......†.....#.###.##.##.
..###...###....# #.##.##.


You could see an adder, a quokka and a goblin.

Vanquished Creatures
  An adder (D:2)
  A worm (D:2)
  A dart slug (D:1)
  A ball python (D:1)
  2 endoplasms (D:1)
  2 giant cockroaches (D:1)
  3 goblins
  4 hobgoblins
  2 kobolds (D:1)
  5 bats
  A frilled lizard (D:2)
  2 rats (D:1)
25 creatures vanquished.

Notes
Turn   | Place    | Note
-------+----------+-------------------------------------------
     0 | D:1      | cforsyth the Human Fighter began the quest for the Orb.
     0 | D:1      | Reached XP level 1. HP: 18/18 MP: 1/1
   146 | D:1      | Reached XP level 2. HP: 23/24 MP: 2/2
   601 | D:1      | Reached XP level 3. HP: 27/29 MP: 3/3
  1140 | D:2      | HP: 1/29 [poisoned by an adder]
  1140 | D:2      | Slain by a quokka

Illustrated notes

Levels and vault maps discovered:
D:1:      lightli_arrival_boilingwater, layout_loops_corners, minivault_19,
          corexii_corridor_pit, nicolae_hexahallways
D:2:      layout_loops_ring, basic_altar, kennysheep_boxes

Skill      XL: |  1  2  3 |
---------------+----------+-----
Maces & Flails | 3 |  3.3
Fighting       | |  3.1
Armour         | |  3.1
Shields        | |  3.1

Action                     || total
---------------------------++-------
  Melee: Flail             ||    81
 Armour: Scale mail        ||    47
  Dodge: Dodged            ||    41
  Block: Buckler           ||    34

Table legend: (Time is in decaauts)
 A = Elapsed time spent in this place.
 B = Non-inter-level travel time spent in this place.
 C = Inter-level travel time spent in this place.
 D = Time resting spent in this place.
 E = Time spent auto-exploring this place.
 F = Levels seen in this place.
 G = Mean time per level.
                   A        B        C        D        E       F      G
               +--------+--------+--------+--------+--------+-----+--------+
         Total |   1167 |   1114 |     53 |      0 |    937 |   2 |  583.5 |
       Dungeon |   1167 |   1114 |     53 |      0 |    937 |   2 |  583.5 |
               +--------+--------+--------+--------+--------+-----+--------+

Top non-repeatable levels by time:
     D:1: 1068 daAuts
     D:2: 99 daAuts
